 Dungeon Crawl Stone Soup version 0.21.1-1-g345015fe64 (webtiles) character file.

3066 Naru the Cleaver (level 10, -1/118 HPs)
             Began as a Formicid Fighter on June 27, 2018.
             Was a Follower of Okawaru.
             Slain by Maurice
             ... wielding a +2 dagger of electrocution
              (8 damage)
             ... on level 8 of the Dungeon.
             The game lasted 00:12:04 (6693 turns).

Naru the Cleaver (Formicid Fighter)                 Turns: 6693, Time: 00:12:05

Health: -1/118     AC: 28    Str: 21    XL:     10   Next: 12%
Magic:  10/10      EV:  2    Int:  8    God:    Okawaru [*.....]
Gold:   309        SH: 10    Dex: 13    Spells: 9/9 levels left

rFire    + . .     SeeInvis .   a - +0 war axe (flame)
rCold    . . .     Gourm    .   c - +0 shield
rNeg     + + +     Faith    .   (armour currently unavailable)
rPois    +         Spirit   .   (helmet unavailable)
rElec    .         Reflect  .   (cloak currently unavailable)
rCorr    .         Harm     .   (gloves currently unavailable)
MR       +....                  (boots currently unavailable)
Stlth    ++........             (no amulet)
HPRegen  0.29/turn              m - ring of protection from fire
MPRegen  0.12/turn              d - +3 ring of protection

@: tree-form (expiring)
A: permanent stasis, dig shafts and tunnels, four strong arms
a: Heroism, Renounce Religion


You were on level 8 of the Dungeon.
You worshipped Okawaru.
Okawaru was aware of your devotion.
You were hungry.
You were a tree.
You visited 2 branches of the dungeon, and saw 9 of its levels.

You collected 309 gold pieces.

Inventory:

Hand Weapons
 a - a +0 war axe of flaming (weapon)
Missiles
 k - 7 tomahawks
 w - 4 silver tomahawks (quivered)
Armour
 b - a +0 scale mail (melded)
 c - a +0 shield (worn)
 l - a +0 cloak (melded)
 o - a +0 pair of boots (melded)
 p - a +0 pair of gloves (melded)
Jewellery
 d - a +3 ring of protection (right branch)
 m - a ring of protection from fire (left branch)
 v - an uncursed ring of protection from fire
 y - a +1 ring of protection
Wands
 t - a wand of disintegration (8)
Scrolls
 j - 2 scrolls of amnesia
 q - 6 scrolls of identify
 r - 3 scrolls of remove curse
Potions
 e - a potion of lignification
 i - 5 potions of degeneration
 n - 3 potions of magic {unknown}
 s - 3 potions of flight {unknown}
 u - a potion of ambrosia {unknown}
 x - 2 potions of brilliance {unknown}
Books
 g - Vehumet's Collected Works on Conjuration
   (You found it on level 2 of the Dungeon)

   Spells                             Type                      Level
   a - Magic Dart                     Conjuration                  1
Comestibles
 f - 7 rations
 z - a chunk of flesh


   Skills:
 * Level 7.3 Fighting
 * Level 10.0 Axes
 + Level 5.7 Armour
 + Level 2.4 Dodging
 + Level 1.5 Stealth
 + Level 6.4 Shields
 + Level 0.1 Evocations


You had 9 spell levels left.
You didn't know any spells.

Dungeon Overview and Level Annotations

Branches:
Dungeon (8/15)             Temple (1/1) D:7
   Lair: D:8-11

Altars:
Ashenzari
Dithmenos
Elyvilon
Hepliaklqana
Kikubaaqudgha
Makhleb
Nemelex Xobeh
Okawaru
Sif Muna
Trog
Vehumet

Shops:
D:5 [

Annotations:
D:8 Maurice


Innate Abilities, Weirdness & Mutations

You cannot be hasted, slowed, berserked, paralysed or teleported.
You can dig through walls and to a lower floor.
Your four strong arms can wield two-handed weapons with a shield.
((You have a pair of large antennae on your head. (SInv)))


Message History

You cannot move.
You cannot move.
You cannot move.
You swing at nothing.
You swing at nothing.
You swing at nothing.
You swing at nothing.
You swing at nothing.
Your transformation is almost over.
You slash something! You burn something. Something hits you but does no damage.
You are electrocuted!
* * * LOW HITPOINT WARNING * * *
You barely miss something. Something hits you but does no damage.
You closely miss something.
You hear some strange, mumbled words.
You closely miss something. Something hits you but does no damage.
You slash something! You burn something. Something hits you but does no damage.
You slash something! You burn something. Something hits you but does no damage.
You are electrocuted!
You die...

#..#..#.....#....gg
#.....#.....#.###l# {
#.##..............#
#.##..#...>.#.###.# {
#.##..#.....#{# #.#
#.###.###.###.# #.# #.#
#.........###)#######$#
#.#
###.#..#####..........#
#.#
#.......♣{).#..#######
#.# ##.########...##
#)# ## ##.## #.# #.#
###.# #.# #..<# #..
#.#.# ### #.#.. # ####


There were no monsters in sight!

Vanquished Creatures
  A wyvern (D:8)
  Edmund (D:6)
  A water moccasin (D:7)
  An orc warrior (D:6)
  4 sky beasts
  A phantom (D:4)
  3 ogres
  4 bullfrogs
  A water moccasin skeleton (D:5)
  The ghost of Naru the Skirmisher, a weakling DrFi (D:3)
  A killer bee (D:8)
  A wight (D:8)
  4 howler monkeys
  A crimson imp (D:8)
  4 hounds
  A quasit (D:7)
  8 orc priests
  A centaur skeleton (D:7)
  Jessica (D:2)
  A bullfrog skeleton (D:4)
  2 iguanas
  9 orc wizards
  6 worker ants
  A hound zombie (D:7)
  The ghost of gorpus the Insei, a weakling OpTm (D:4)
  A hound skeleton (D:4)
  A worker ant zombie (D:5)
  Robin (D:2)
  6 gnolls
  9 adders
  A howler monkey skeleton (D:7)
  4 shadow imps
  An adder zombie (D:6)
  2 adder skeletons
  2 dart slugs
  6 leopard geckos
  25 orcs
  A ball python (D:3)
  9 bats
  7 giant cockroaches
  9 goblins
  15 hobgoblins
  6 jackals
  5 kobolds
  A quokka (D:4)
  A ball python skeleton (D:5)
  3 frilled lizards (D:1)
  A leopard gecko skeleton (D:5)
  A quokka zombie (D:7)
  7 rats
185 creatures vanquished.

Notes
Turn   | Place    | Note
-------+----------+-------------------------------------------
     0 | D:1      | Naru the Formicid Fighter began the quest for the Orb.
     0 | D:1      | Reached XP level 1. HP: 18/18 MP: 1/1
    86 | D:1      | Reached XP level 2. HP: 23/24 MP: 2/2
   304 | D:1      | Reached XP level 3. HP: 24/30 MP: 3/3
  1004 | D:2      | Found an ancient bone altar of Kikubaaqudgha.
  1008 | D:2      | Found a deep blue altar of Sif Muna.
  1009 | D:2      | Found a radiant altar of Vehumet.
  1015 | D:2      | Identified Vehumet's Collected Works on Conjuration
  1081 | D:2      | Noticed Robin
  1092 | D:2      | Reached skill level 3 in Axes
  1095 | D:2      | Reached XP level 4. HP: 28/37 MP: 4/4
  1116 | D:2      | Killed Robin
  1541 | D:2      | Noticed Jessica
  1550 | D:2      | Killed Jessica
  1550 | D:2      | Reached XP level 5. HP: 28/42 MP: 5/5
  1864 | D:3      | Noticed Naru's ghost (weakling DrFi)
  1871 | D:3      | Killed Naru's ghost
  1871 | D:3      | Reached skill level 4 in Axes
  1871 | D:3      | Reached XP level 6. HP: 39/48 MP: 6/6
  2103 | D:3      | Found a faded altar of an unknown god.
  2375 | D:4      | Found a shadowy altar of Dithmenos.
  2481 | D:4      | Reached skill level 5 in Axes
  2569 | D:4      | Noticed an ogre
  2573 | D:4      | Killed an ogre
  2573 | D:4      | Reached XP level 7. HP: 34/55 MP: 7/7
  2688 | D:4      | Noticed gorpus's ghost (weakling OpTm)
  2696 | D:4      | Killed gorpus's ghost
  2737 | D:4      | Found a shadowy altar of Dithmenos.
  2756 | D:4      | Reached skill level 1 in Dodging
  2756 | D:4      | Reached skill level 1 in Stealth
  2868 | D:4      | Reached skill level 6 in Axes
  2881 | D:4      | Found a hazy altar of Hepliaklqana.
  2881 | D:4      | Found a bloodstained altar of Trog.
  2902 | D:5      | Entered Level 5 of the Dungeon
  2927 | D:5      | Reached skill level 5 in Fighting
  3320 | D:5      | Reached XP level 8. HP: 39/62 MP: 8/8
  3679 | D:5      | Reached skill level 5 in Shields
  3847 | D:5      | Found Goaxu's Antique Armour Boutique.
  3891 | D:5      | Reached skill level 7 in Axes
  3905 | D:5      | HP: 3/62 [poisoned by an orc wizard]
  3913 | D:5      | HP: 3/62 [poisoned by an orc wizard]
  4662 | D:6      | Reached skill level 8 in Axes
  4663 | D:6      | Noticed Edmund
  4678 | D:6      | Killed Edmund
  4678 | D:6      | Reached XP level 9. HP: 45/69 MP: 9/9
  4880 | D:6      | Reached skill level 5 in Armour
  5296 | D:6      | Reached skill level 9 in Axes
  5343 | D:6      | Found a burning altar of Makhleb.
  6111 | D:7      | Found a staircase to the Ecumenical Temple.
  6124 | Temple   | Entered the Ecumenical Temple
  6208 | Temple   | Became a worshipper of Warmaster Okawaru
  6591 | D:8      | Noticed Maurice
  6615 | D:8      | Reached XP level 10. HP: 66/79 MP: 10/10
  6668 | D:8      | Reached * piety under Okawaru
  6671 | D:8      | Reached skill level 10 in Axes
  6688 | D:8      | HP: 5/118 [something (16)]
  6693 | D:8      | Slain by Maurice

Skill      XL: |  1  2  3  4  5  6  7  8  9 10 |
---------------+-------------------------------+-----
Shields        | 4 5 6 |  6.4
Axes           | 3 4 5 6 8 9 10 | 10.0
Fighting       | 4 5 7 |  7.3
Armour         | 4 5 |  5.7
Dodging        | 1 2 |  2.4
Stealth        | 1 |  1.5
Evocations     | |  0.1

Action                   |  1- 3 |  4- 6 |  7- 9 | 10-12 || total
-------------------------+-------+-------+-------+-------++-------
Melee: War axe           |    86 |   167 |   332 |    58 ||   643
 Abil: Dig               |       |       |     1 |       ||     1
Evoke: Wand              |       |       |     2 |       ||     2
  Use: Scroll            |       |     7 |     4 |       ||    11
       Potion            |       |       |     2 |     1 ||     3
  Eat: Chunk             |       |     6 |    10 |       ||    16
       Ration            |       |       |     1 |       ||     1
Armor: Scale mail        |    39 |    69 |   110 |    15 ||   233
       Skin              |       |       |       |    14 ||    14
Dodge: Dodged            |    36 |    73 |    93 |    10 ||   212
Block: Shield            |    55 |   100 |   162 |    28 ||   345
